 Dungeon Crawl Stone Soup version 0.24.0-123-gd5b16e6ec5 (webtiles) character file.

Game seed: 17092594053580948689, levelgen mode: deterministic

30221 Goreval the Carver (level 13, -2/109 HPs)
             Began as a Barachi Fighter on Feb 4, 2020.
             Was a High Priest of the Shining One.
             Slain by a spiny frog (6 damage)
             ... while petrified by a basilisk
             ... on level 3 of the Lair of Beasts.
             The game lasted 00:49:06 (20637 turns).

Goreval the Carver (Barachi Fighter)               Turns: 20637, Time: 00:49:06

Health: -2/109     AC: 15    Str: 20    XL:     13   Next: 50%
Magic:  19/19      EV:  2    Int: 13    God:    the Shining One [*****.]
Gold:   755        SH:  0    Dex:  9    Spells: 11/12 levels left

rFire    . . .     SeeInvis +   y - +2 scimitar
rCold    . . .     Gourm    .   c - +0 shield
rNeg     + + +     Faith    .   d - +4 scale mail
rPois    ∞         Spirit   .   z - +0 helmet
rElec    .         Reflect  .   (no cloak)
rCorr    +         Harm     .   L - +0 pair of gloves
MR       +....                  (no boots)
Stlth    ..........             H - amulet "Jeugikul" {Acrobat Int+2 Dex-3 SInv}
HPRegen  0.28/turn              j - ring of protection from magic
MPRegen  0.16/turn              t - ring of resist corrosion

@: petrified, glowing, slow
A: +LOS, swims, slowness 1, strong legs 2
a: Hop, Divine Shield, Cleansing Flame, Summon Divine Warrior, Renounce Religion


You were on level 3 of the Lair of Beasts.
You worshipped the Shining One.
The Shining One was extremely pleased with you.
You were hungry.

You visited 2 branches of the dungeon, and saw 14 of its levels.
You also visited: Sewer.

You collected 755 gold pieces.

Inventory:

Hand Weapons
 y - a +2 scimitar (weapon)
Missiles
 n - 371 stones (quivered)
 r - 4 throwing nets
Armour
 c - a +0 shield (worn)
 d - a +4 scale mail (worn)
 z - a +0 helmet (worn)
 D - the +3 hat of Pondering {ponderous, MR+ MP+10 Int+5}
   (You took it off Gastronok on level 9 of the Dungeon)

   It affects your intelligence (+5).
   It affects your resistance to hostile enchantments.
   It affects your magic capacity (+10).
 L - a +0 pair of gloves (worn)
 Q - a +2 ring mail of cold resistance
Jewellery
 j - a ring of protection from magic (left hand)
 q - the amulet "Yvus" {RegenMP rF+ rC- Int+2 Stlth+}
   (You found it on level 8 of the Dungeon)

   [amulet of magic regeneration]

   It increases your magic regeneration.
   It affects your intelligence (+2).
   It protects you from fire.
   It makes you vulnerable to cold.
   It makes you more stealthy.
 t - a ring of resist corrosion (right hand)
 C - an uncursed ring of see invisible
 H - the amulet "Jeugikul" (around neck) {Acrobat Int+2 Dex-3 SInv}
   (You found it on level 11 of the Dungeon)

   [amulet of the acrobat]

   It helps you evade while moving and waiting.
   It affects your intelligence (+2).
   It affects your dexterity (-3).
   It lets you see invisible.
 P - a +3 ring of slaying {unknown}
Wands
 u - a wand of digging (7)
 A - a wand of paralysis (6)
 B - a wand of enslavement (5)
 I - a wand of polymorph (20)
 K - a wand of iceblast (11)
 O - a wand of acid (10)
Scrolls
 e - 4 scrolls of remove curse
 g - 3 scrolls of immolation
 h - 4 scrolls of enchant armour
 m - 4 scrolls of enchant weapon
 s - a scroll of magic mapping
 w - 3 scrolls of teleportation
 x - 3 scrolls of amnesia
 J - 2 scrolls of fog
Potions
 a - a potion of cancellation {unknown}
 b - a potion of mutation {unknown}
 i - 2 potions of curing
 k - 3 potions of magic
 l - 3 potions of haste
 o - 2 potions of flight
 p - 6 potions of lignification
 v - a potion of berserk rage {unknown}
 E - a potion of ambrosia
 F - 2 potions of resistance
 G - a potion of invisibility {unknown}
Comestibles
 f - 27 rations
 M - a chunk of flesh


   Skills:
 + Level 12.7 Fighting
 - Level 14.0 Long Blades
 + Level 9.1 Armour
 - Level 6.0 Dodging
 + Level 7.6 Shields
 * Level 10.1 Summonings
 - Level 8.0 Invocations


You had 11 spell levels left.
You knew the following spells:

 Your Spells              Type           Power        Failure   Level  Hunger
a - Summon Butterflies    Summ           ####....     3%          1    ##.....

Your spell library contained the following spells:

 Spells                   Type           Power        Failure   Level  Hunger
 Animate Skeleton         Necr           N/A          89%         1    ##.....
 Apportation              Tloc           #.....       89%         1    ##.....
 Confusing Touch          Hex            #.....       89%         1    ##.....
 Corona                   Hex            #......      89%         1    ##.....
 Flame Tongue             Conj/Fire      #....        89%         1    ##.....
 Sandblast                Erth           #.....       89%         1    ##.....
 Corpse Rot               Necr           N/A          96%         2    ###....
 Ensorcelled Hibernation  Hex/Ice        #.....       96%         2    ###....
 Slow                     Hex            #.......     96%         2    ###....
 Throw Flame              Conj/Fire      #.....       96%         2    ###....
 Confuse                  Hex            #.......     99%         3    ####...
 Conjure Flame            Conj/Fire      #.......     99%         3    ####...
 Dazzling Spray           Conj/Hex       #.....       99%         3    ####...
 Gell's Gravitas          Tloc           #.........   99%         3    ####...
 Inner Flame              Hex/Fire       #.......     99%         3    ####...
 Lesser Beckoning         Tloc           #.........   99%         3    ####...
 Portal Projectile        Hex/Tloc       #.....       99%         3    ####...
 Tukima's Dance           Hex            #.......     99%         3    ####...
 Vampiric Draining        Necr           #.........   99%         3    ####...
 Shadow Creatures         Summ           N/A          99%         6    #######
 Animate Dead             Necr           N/A          100%        4    #####..
 Cause Fear               Hex            #.........   100%        4    #####..
 Leda's Liquefaction      Hex/Erth       #.........   100%        4    #####..
 Petrify                  Tmut/Erth      #.......     100%        4    #####..
 Sticky Flame             Conj/Fire      #.......     100%        4    #####..
 Alistair's Intoxication  Tmut/Pois      #.......     100%        5    ######.
 Bolt of Draining         Conj/Necr      #.........   100%        5    ######.
 Borgnjor's Vile Clutch   Necr/Erth      #.........   100%        5    ######.
 Excruciating Wounds      Chrm/Necr      #.........   100%        5    ######.
 Fireball                 Conj/Fire      #.........   100%        5    ######.
 Metabolic Englaciation   Hex/Ice        #.........   100%        5    ######.
 Silence                  Hex/Air        #.........   100%        5    ######.
 Yara's Violent Unravell  Hex/Tmut       #.........   100%        5    ######.
 Darkness                 Hex            #.........   100%        6    #######
 Invisibility             Hex            #.......     100%        6    #######


Dungeon Overview and Level Annotations

Branches:
Dungeon (11/15)            Temple (0/1) D:7            Lair (3/6) D:9
    Orc (0/2) D:9           Sewer (visited)
  Swamp: Lair:2-4    Shoals: Lair:2-4     Snake: Lair:2-4    Spider: Lair:2-4

Altars:
Ashenzari
Cheibriados
Dithmenos
Elyvilon
Gozag
Hepliaklqana
Kikubaaqudgha
Makhleb
Qazlal
Sif Muna
Vehumet
Wu Jian
Yredelemnul
The Shining One

Shops:
D:7 (   D:8 (


Innate Abilities, Weirdness & Mutations

Shadows flee at your approach. (+LOS)
You can swim through water.
You cover ground slowly.
You can hop long distances.


Message History

The killer bee moves out of view.
The killer bee buzzes angrily.
You hear an angry buzzing noise. x3
The spiny frog completely misses you. The basilisk gazes at you.
You resist with almost no effort.
A killer bee comes into view.
You hear a croak.
A killer bee comes into view.
The spiny frog stings you!
* * * LOW HITPOINT WARNING * * *
The basilisk bites you.
* * * LOW HITPOINT WARNING * * *
The killer bee moves out of view.
The spiny frog stings you!
* * * LOW HITPOINT WARNING * * *
The basilisk bites you.
* * * LOW HITPOINT WARNING * * *
A yak comes into view.
The spiny frog stings you!
You die... ## #. #Y# . ...# #y. #.#...
Hy .#.. #y## ... #yD. ###.. yy#

##.#.###Y## .
.#...#lFY#. #.##
#.#..†@#..y#
.....###.#....†#.#
#.......#.#.......# ##
.........#.#........#
.#...........#.#....#.##
..#.P......#..#......^.#
.#
##.....##.#.#.....#...
.#
#.#######..#.#...#.#.. #
####P.#.#.#...#.


You could see a hippogriff, 3 yaks, a spiny frog, a basilisk, a steam dragon and
6 killer bees.

Vanquished Creatures
  Gastronok (D:9)
  Harold (D:7)
  Erolcha (D:9)
  2 two-headed ogres
  An unseen horror (D:11)
  3 oklob plants (Lair:2)
  6 elephants
  3 black mambas (Lair:2)
  5 spiny frogs
  4 komodo dragons
  A queen bee (D:11)
  2 bog bodies (Lair:3)
  6 hippogriffs
  A wyvern (D:10)
  25 yaks
  4 basilisks
  3 hungry ghosts
  3 water moccasins (Lair:2)
  5 orc warriors
  8 porcupines
  Purgy (Sewer)
  2 ice beasts (D:6)
  3 sky beasts
  5 phantoms
  A black bear (Lair:1)
  10 wolves
  11 ogres
  6 centaurs
  5 crocodiles
  Blork the orc (D:4)
  13 bullfrogs
  A water moccasin skeleton (D:8)
  4 scorpions
  A troll zombie (D:9)
  33 killer bees
  3 wights (D:6)
  3 vampire bats (D:8)
  3 howler monkeys
  7 crimson imps
  2 bullfrog zombies
  4 hounds
  2 jellies
  14 orc wizards
  3 bullfrog skeletons
  2 centaur skeletons
  5 orc priests
  An iron imp (D:8)
  4 iguanas
  5 worker ants
  7 ogre zombies (D:9)
  5 worker ant zombies
  6 gnolls (D:4)
  11 adders
  A river rat (Lair:3)
  2 shadow imps
  An ooze (D:4)
  2 adder zombies
  3 adder skeletons
  7 worms
  5 leopard geckos
  31 orcs
  2 bat skeletons (D:8)
  2 bat zombies (D:8)
  12 giant cockroaches
  11 goblins
  9 hobgoblins
  20 jackals
  3 quokkas
  A ball python skeleton (D:4)
  5 bats
  5 frilled lizards
  3 goblin skeletons (D:9)
  4 goblin zombies (D:9)
  4 hobgoblin skeletons (D:9)
  A hobgoblin zombie (D:9)
  A jackal skeleton (D:4)
  6 kobolds
  An orc skeleton (D:9)
  12 orc zombies (D:9)
  A quokka zombie (D:6)
  8 rats
  A butterfly (D:7)
  A plant (Lair:2)
434 creatures vanquished.

Vanquished Creatures (collateral kills)
  2 hydras
  Urug (Lair:1)
  A spiny frog (Lair:1)
  A rime drake (Lair:3)
  5 yaks
  A water moccasin (Lair:1)
  A phantom (D:11)
  10 killer bees (Lair:3)
22 creatures vanquished.

Vanquished Creatures (others)
  8 fungi
  10 plants
18 creatures vanquished.

Grand Total: 474 creatures vanquished

Notes
Turn   | Place    | Note
-------+----------+-------------------------------------------
     0 | D:1      | Goreval the Barachi Fighter began the quest for the Orb.
     0 | D:1      | Reached XP level 1. HP: 18/18 MP: 1/1
     6 | D:1      | Noticed a rime drake
     6 | D:1      | Noticed a water moccasin
     6 | D:1      | Noticed a wolf
     6 | D:1      | Noticed a polar bear
     6 | D:1      | Noticed a swamp worm
   273 | D:1      | Reached XP level 2. HP: 19/25 MP: 2/2
   551 | D:1      | Reached skill level 3 in Long Blades
   853 | D:2      | Reached XP level 3. HP: 30/30 MP: 3/3
   859 | D:2      | Found a radiant altar of Vehumet.
  1365 | D:2      | Found a stormy altar of Qazlal.
  1444 | D:2      | Reached XP level 4. HP: 12/37 MP: 4/4
  2018 | D:2      | Found a glowing golden altar of the Shining One.
  2127 | D:2      | Became a worshipper of the Shining One
  2289 | D:3      | Reached skill level 4 in Long Blades
  2394 | D:3      | Found a hazy altar of Hepliaklqana.
  2500 | D:4      | Found a glowing drain.
  2523 | Sewer    | Entered a sewer
  2538 | Sewer    | Reached XP level 5. HP: 41/43 MP: 5/5
  2589 | Sewer    | Noticed Purgy
  2610 | Sewer    | Killed Purgy
  2731 | D:4      | Noticed an ogre
  2734 | D:4      | Reached skill level 5 in Long Blades
  2734 | D:4      | Reached XP level 6. HP: 49/50 MP: 6/6
  2742 | D:4      | Reached skill level 5 in Fighting
  2999 | D:4      | Reached skill level 5 in Armour
  3538 | D:4      | Reached XP level 7. HP: 49/56 MP: 7/7
  3582 | D:4      | Reached * piety under the Shining One
  3601 | D:4      | Reached skill level 6 in Long Blades
  3652 | D:4      | Noticed Blork the orc
  3665 | D:4      | Killed Blork the orc
  3665 | D:4      | Reached skill level 5 in Shields
  4217 | D:4      | Found a white marble altar of Elyvilon.
  4613 | D:5      | Entered Level 5 of the Dungeon
  4778 | D:5      | You fall into a shaft and drop 1 floor!
  4844 | D:5      | Reached skill level 7 in Long Blades
  4860 | D:5      | Reached XP level 8. HP: 40/64 MP: 8/8
  5333 | D:5      | Found a shattered altar of Ashenzari.
  5333 | D:5      | Found an ornate altar of the Wu Jian Council.
  5333 | D:5      | Found an opulent altar of Gozag.
  5339 | D:5      | Found a shimmering blue altar of Sif Muna.
  6185 | D:6      | Noticed a hippogriff
  6206 | D:6      | Killed a hippogriff
  6206 | D:6      | Reached skill level 8 in Long Blades
  6727 | D:6      | Reached XP level 9. HP: 55/71 MP: 9/9
  6881 | D:6      | Reached skill level 9 in Long Blades
  7023 | D:6      | Reached ** piety under the Shining One
  7509 | D:6      | Found a shadowy altar of Dithmenos.
  8077 | D:7      | Found a white marble altar of Elyvilon.
  8200 | D:7      | Reached skill level 10 in Long Blades
  8371 | D:7      | Noticed Harold
  8389 | D:7      | Found a shimmering blue altar of Sif Muna.
  8401 | D:7      | Identified Sif Muna's Reference Book on Stones
  8996 | D:7      | Found a basalt altar of Yredelemnul.
  9037 | D:8      | Got a slimy hunting sling
  9314 | D:8      | Found Nissapn's Antique Weapon Boutique.
  9357 | D:8      | Noticed a two-headed ogre
  9370 | D:8      | Killed a two-headed ogre
  9370 | D:8      | Reached skill level 11 in Long Blades
  9370 | D:8      | Reached skill level 1 in Invocations
  9370 | D:8      | Reached XP level 10. HP: 41/82 MP: 9/11
  9551 | D:7      | Found Zycoj's Weapon Emporium.
  9668 | D:8      | Got a scintillating ruby amulet
  9669 | D:8      | Identified the amulet "Yvus" {RegenMP rF+ rC- Int+2 Stlth+}
                  | (You found it on level 8 of the Dungeon)
  9749 | D:8      | Found a snail-covered altar of Cheibriados.
  9909 | D:8      | Reached *** piety under the Shining One
  9919 | D:8      | Found an ancient bone altar of Kikubaaqudgha.
 10145 | D:9      | Noticed Erolcha
 10185 | D:9      | Killed Erolcha
 10185 | D:9      | Reached skill level 12 in Long Blades
 10260 | D:9      | Found a staircase to the Lair.
 10366 | D:9      | Found a burning altar of Makhleb.
 10604 | D:9      | Got a twisted leather armour
 10630 | D:9      | Identified the +1 leather armour of Gozag's Hope {+Inv
                  | rElec rN++ Int+4} (You found it on level 9 of the Dungeon)
 10658 | D:9      | Reached **** piety under the Shining One
 10748 | D:9      | Found a staircase to the Orcish Mines.
 10765 | D:9      | Reached XP level 11. HP: 85/89 MP: 13/13
 10772 | D:9      | Reached ***** piety under the Shining One
 11058 | D:9      | Noticed Gastronok
 11081 | D:10     | Entered Level 10 of the Dungeon
 11231 | D:10     | Reached skill level 5 in Dodging
 11612 | D:9      | Killed Gastronok
 11612 | D:9      | Reached skill level 10 in Fighting
 11612 | D:9      | Reached skill level 13 in Long Blades
 11612 | D:9      | Reached skill level 5 in Invocations
 12642 | D:10     | Identified the Incunabulum of Evil
 12744 | D:10     | Noticed a two-headed ogre
 12760 | D:10     | Killed a two-headed ogre
 13060 | D:11     | Noticed a four-headed hydra
 13072 | D:11     | Killed a four-headed hydra
 13112 | D:11     | Reached XP level 12. HP: 98/98 MP: 16/16
 13302 | D:11     | Got a flickering sapphire amulet
 13304 | D:11     | Identified the amulet "Jeugikul" {Acrobat Int+2 Dex-3 SInv}
                  | (You found it on level 11 of the Dungeon)
 13468 | D:11     | Reached skill level 14 in Long Blades
 13471 | D:11     | Learned a level 1 spell: Summon Butterflies
 13713 | D:11     | Reached skill level 1 in Summonings
 14391 | Lair:1   | Entered Level 1 of the Lair of Beasts
 14394 | Lair:1   | Noticed Urug
 14407 | Lair:1   | Killed Urug
 15406 | Lair:1   | Reached skill level 5 in Summonings
 17379 | Lair:2   | Gained mutation: You can hop long distances. [Barachi
                  | growth]
 17379 | Lair:2   | Reached XP level 13. HP: 50/108 MP: 19/19
 18594 | D:7      | Killed Harold
 18765 | D:7      | Found a staircase to the Ecumenical Temple.
 20465 | Lair:3   | Reached ****** piety under the Shining One
 20603 | Lair:3   | Reached skill level 10 in Summonings
 20637 | Lair:3   | HP: 5/109 [spiny frog (3)]
 20637 | Lair:3   | Slain by a spiny frog

Levels and vault maps discovered:
D:1:      onia_arrival_zoo_common, layout_basic, grunt_decor_one_mirror,
          chequers_serial_rivers_small_3, amethyst_killhole
D:2:      layout_loops_cross, vehumet_crystals, tso_altar, fountainhead,
          nicolae_qazlal_eye_of_the_storm
D:3:      layout_basic, old_standard_altar, first_ration
D:4:      layout_basic, gup_sewer_entry_glass, lemuel_tele_altar,
          uniq_blork_the_orc
D:5:      layout_basic, minitemple
D:6:      cheibrodos_barr_body, layout_cave_pools, basic_altar,
          serial_co_window_serial, co_window_corner_a, co_window_cross_1,
          co_window_corner_a, co_window_corner_a, co_window_of_opportunity_a,
          co_window_paths_b, co_window_paths_a, co_window_unsneaky_path_a,
          co_window_unsneaky_path_e, co_window_broadway_a, co_window_broadway_a,
          co_window_paths_c, co_window_4corner_b, glass_columns_c,
          glass_columns_b, glass_columns_a, glass_columns_a, glass_columns_a,
          minmay_misc_feat_ornament
D:7:      layout_basic, kennysheep_ying_yang, minmay_temple_entry_butterflies,
          serial_shops, shop, grunt_ogre_cave, led_sif_book, uniq_harold
D:8:      layout_rooms, kennysheep_vampire_church, slow_altar_2, serial_shops,
          shop
D:9:      layout_irregular_city, bloody_makhleb, minmay_lair_entry_grove,
          zombieorc2_lemuel, uniq_erolcha, uniq_gastronok
D:10:     layout_rooms, minmay_misc_feat_chi
D:11:     layout_cave_pools, special_room [special_room_bee]
Lair:1:   layout_long_grid, lemuel_fruit_tree, uniq_urug
Lair:2:   layout_hall_layers, minmay_lair_oklob_chamber
Lair:3:   hangedman_what_comes_after_a, layout_loops_ring,
          nicolae_swamp_entry_splash_gauntlet, chequers_serial_rivers_micro_b

Skill      XL: |  1  2  3  4  5  6  7  8  9 10 11 12 13 |
---------------+----------------------------------------+-----
Long Blades    | 3 4 5 7 8 11 12 13 14 | 14.0
Fighting       | 4 5 6 8 9 10 12 | 12.7
Armour         | 4 5 6 7 8 9 |  9.1
Shields        | 4 5 6 7 |  7.6
Dodging        | 2 4 6 |  6.0
Invocations    | 1 3 6 8 |  8.0
Summonings     | 8 10 | 10.1

Action                   |  1- 3 |  4- 6 |  7- 9 | 10-12 | 13-15 || total
-------------------------+-------+-------+-------+-------+-------++-------
Melee: Long sword        |   142 |   172 |   188 |       |       ||   502
       Scimitar          |       |       |   137 |   877 |   231 ||  1245
Throw: Stone             |    16 |     8 |    27 |   120 |     3 ||   174
Invok: Divine Shield     |       |       |     1 |       |       ||     1
       Summon Divine War |       |       |       |     2 |     1 ||     3
 Abil: Hop               |       |       |     4 |     1 |     1 ||     6
  Use: Potion            |     1 |       |     2 |     7 |     6 ||    16
       Scroll            |       |     7 |    13 |     2 |     3 ||    25
  Eat: Chunk             |     3 |     3 |    15 |    17 |     8 ||    46
       Ration            |       |     1 |     2 |     4 |     1 ||     8
Armor: Scale mail        |    76 |    96 |    99 |   285 |   101 ||   657
Dodge: Dodged            |    47 |    48 |    72 |   273 |   113 ||   553
Block: Shield            |    82 |    99 |   153 |   405 |   110 ||   849
       Rpst.: Long sword |    10 |    11 |    12 |       |       ||    33
       Scimitar          |       |       |     7 |    78 |    38 ||   123
